 Dungeon Crawl Stone Soup version 0.28-a0-305-g9e858e973b (console) character file.

Game seed: 7736103585047455109

15020 jejorda2 the Impaler (level 12, -2/88 HPs)
             Began as a Merfolk Berserker on Aug 30, 2021.
             Was a High Priest of Trog.
             Slain by a nine-headed hydra (8 damage)
             ... on level 10 of the Dungeon.
             The game lasted 00:25:54 (9900 turns).

jejorda2 the Impaler (Merfolk Berserker)            Turns: 9900, Time: 00:25:54

Health: -2/88      AC: 18    Str: 20    XL:     12   Next: 22%
Magic:  12/12      EV: 19    Int:  3    God:    Trog [*****.]
Gold:   271        SH:  0    Dex: 19    Spells: 11/11 levels left

rFire   . . .      SeeInvis .   a - +7 glaive {vorpal, rPois rC++ Int-4 Dex+4}
rCold   + + +      Faith    +   (shield currently unavailable)
rNeg    . . .      Spirit   .   n - +0 chain mail
rPois   +          Reflect  .   D - +2 helmet "Xextueph" {Rampage rElec rC++ Stlth+}
rElec   +          Harm     .   x - +1 cloak
rCorr   .          Rampage  +   q - +0 pair of gloves
Will    .....                   y - +0 pair of boots {Stlth+}
Stlth   +.........              v - amulet of faith
HPRegen 0.24/turn               k - +4 ring of evasion
MPRegen 0.13/turn               l - +4 ring of evasion

@: on berserk cooldown, slowed, very slow
A: (nimble swimmer 2), mertail
a: Renounce Religion, Berserk, Trog's Hand, Brothers in Arms


You were on level 10 of the Dungeon.
You worshipped Trog.
Trog was extremely pleased with you.
You visited 1 branch of the dungeon, and saw 10 of its levels.
You also visited: Ossuary.

You collected 711 gold pieces.
You spent 440 gold pieces at shops.

Inventory:

Hand Weapons
 a - the +7 glaive of the End of Times (weapon) {vorpal, rPois rC++ Int-4 Dex+4}
   (Trog gifted it to you on level 9 of the Dungeon)

   It inflicts extra damage upon your enemies.
   Int:       It affects your intelligence (-4).
   Dex:       It affects your dexterity (+4).
   rC:        It greatly protects you from cold.
   rPois:     It protects you from poison.
 b - a +5 trident
 m - a +5 glaive
 o - the +9 flail of Red Wine {antimagic, *Rage rPois rCorr}
   (You found it on level 6 of the Dungeon)

   It reduces the magical energy of the wielder, and disrupts the spells and
   magical abilities of those it strikes.
   Natural abilities and divine invocations are not affected.
   rPois:     It protects you from poison.
   *Rage:     It may make you go berserk in combat.
   rCorr:     It protects you from acid and corrosion.
Missiles
 j - 240 stones (quivered)
 w - 8 javelins
 B - 64 poisoned darts
Armour
 n - a +0 chain mail (worn)
 q - a +0 pair of gloves (worn)
 x - a +1 cloak (worn)
 y - a +0 pair of boots of stealth (worn)
 D - the +2 helmet "Xextueph" (worn) {Rampage rElec rC++ Stlth+}
   (You found it on level 8 of the Dungeon)

   rC:        It greatly protects you from cold.
   rElec:     It insulates you from electricity.
   Rampage:   It bestows one free step when moving towards enemies.
   Stlth:     It makes you more stealthy.
 E - +0 ice dragon scales
Jewellery
 k - a +4 ring of evasion (left hand)
 l - a +4 ring of evasion (right hand)
 s - a ring of flight
 v - an amulet of faith (around neck)
 A - a ring of resist corrosion
 G - a ring of fire
Wands
 c - a wand of iceblast (7)
 d - a wand of polymorph (6)
 F - a wand of flame (38)
Scrolls
 f - 4 scrolls of fog
 h - 4 scrolls of magic mapping
 i - a scroll of enchant weapon
 t - 3 scrolls of summoning
 u - 5 scrolls of teleportation
 C - a scroll of torment {unknown}
 K - a scroll of blinking
Potions
 e - a potion of ambrosia
 g - 3 potions of lignification
 p - 5 potions of curing
 r - a potion of brilliance {unknown}
 z - 3 potions of haste
 H - a potion of might {unknown}
 I - 2 potions of mutation
 J - a potion of heal wounds


   Skills:
 - Level 6.0 Fighting
 * Level 19.2 Polearms
 - Level 6.0 Throwing
 - Level 6.0 Armour
 - Level 6.0 Dodging
 - Level 6.0 Evocations


You had 11 spell levels left.
You didn't know any spells.
Your spell library was empty.

Dungeon Overview and Level Annotations

Branches:
Dungeon (10/15)            Temple (0/1) D:5         Ossuary (visited)
   Lair: D:8-11         Orc: D:9-12

Altars:
Ashenzari
Dithmenos
Gozag
Kikubaaqudgha
Qazlal
Vehumet
Wu Jian
Xom
Yredelemnul

Shops:
D:1 =(

Annotations:
D:9 3 runed translucent doors, exclusion: door, Sin92's ghost, journeyman DsFi


Innate Abilities, Weirdness & Mutations

((You are quick and stealthy near water. (Stealth+, EV+, Speed+++)))
Your lower body shifts to a powerful aquatic tail in water.


Message History

The centaur shoots an arrow.
The arrow hits you.
A centaur comes into view.
It is wielding a +1 falchion of holy wrath.
Items here: (( )) †††.
Items here: ))).
Unknown command.
Your ogre goes berserk!
The nine-headed hydra closely misses you.
The nine-headed hydra misses you. The nine-headed hydra bites you.
The nine-headed hydra closely misses you.
The nine-headed hydra bites you but does no damage.
The nine-headed hydra bites you.
The nine-headed hydra barely misses you.
The nine-headed hydra bites you but does no damage. x2
The nine-headed hydra bites you.
The nine-headed hydra bites you but does no damage.
The nine-headed hydra bites you.
The nine-headed hydra bites you but does no damage.
The nine-headed hydra misses you.
The nine-headed hydra closely misses you.
The nine-headed hydra completely misses you.
The nine-headed hydra barely misses you. x2
You swap places.
Your ogre hits the nine-headed hydra with a +0 giant club!!
The nine-headed hydra bites your ogre! x5
Your ogre dies!
Your ogre's corpse disappears in a puff of smoke!
Unknown command.
The nine-headed hydra bites you.
The nine-headed hydra bites you but does no damage. x2
The nine-headed hydra bites you.
* * * LOW HITPOINT WARNING * * *
The nine-headed hydra bites you!
* * * LOW HITPOINT WARNING * * *
The nine-headed hydra closely misses you.
The nine-headed hydra misses you.
The nine-headed hydra closely misses you. x2
The nine-headed hydra bites you!
* * * LOW HITPOINT WARNING * * *
The nine-headed hydra bites you!
You die...

##. #..# #..# #.. #..#
#..## #..
##..#####..##..# #..
#..#.....#..#..# #..
#...........#..#
#..##c†.#####...##.###
#..#§####...#### #....
#..c##.........###.###
#...D@....>....)...#
#.####....#...######
#. ########## #


You could see a nine-headed hydra and a centaur.

Vanquished Creatures
  7 two-headed ogres
  A glowing orange brain (D:9)
  4 ugly things (D:9)
  A cyclops (D:10)
  A gargoyle (D:10)
  A kobold demonologist (D:9)
  A troll (D:10)
  3 hornets
  2 shadows
  2 yaks
  2 wyverns (D:9)
  A wraith (D:6)
  2 steam dragons
  2 acid dragons
  3 water moccasins
  4 ice beasts
  4 orc warriors
  3 ogres (D:5)
  A necrophage (D:8)
  6 centaurs
  A phantom (D:5)
  A wyvern zombie (D:7)
  4 kobold brigands
  A water moccasin zombie (D:7)
  2 gnoll sergeants
  3 scorpions
  10 killer bees
  5 wights (D:9)
  2 howler monkeys (D:9)
  7 electric eels (D:6)
  3 bullfrog zombies
  8 centaur zombies
  2 jellies
  3 orc priests
  4 hounds (D:5)
  A centaur skeleton (D:6)
  A gnoll shaman (D:6)
  5 iguanas
  Ijyb (D:4)
  4 orc wizards
  A killer bee zombie (D:6)
  A hound skeleton (D:5)
  2 mummies (Ossuary)
  4 howler monkey zombies
  A howler monkey skeleton (D:6)
  12 gnolls
  8 adders
  2 white imps
  An ufetubus (D:8)
  An adder zombie (D:5)
  2 adder skeletons (D:4)
  2 worms
  A dart slug (D:2)
  13 orcs
  11 endoplasms
  2 giant cockroaches (D:1)
  3 gnoll zombies (Ossuary)
  7 goblins
  5 hobgoblins
  12 jackals
  27 kobolds
  4 quokkas
  7 ball pythons
  4 bats
  5 frilled lizards
  3 goblin zombies (Ossuary)
  7 hobgoblin zombies (Ossuary)
  9 rats (D:1)
276 creatures vanquished.

Vanquished Creatures (collateral kills)
  An ugly thing (D:9)
  A gnoll (D:6)
2 creatures vanquished.

Vanquished Creatures (others)
  A white imp (D:6)
  A fungus (D:3)
  13 plants (D:6)
15 creatures vanquished.

Grand Total: 293 creatures vanquished

Notes
Turn   | Place    | Note
-------+----------+-------------------------------------------
     0 | D:1      | jejorda2 the Merfolk Berserker began the quest for the Orb.
     0 | D:1      | Reached XP level 1. HP: 18/18 MP: 1/1
    89 | D:1      | Reached XP level 2. HP: 24/24 MP: 2/2
   257 | D:1      | Found Fogh's Jewellery Boutique.
   288 | D:1      | Found a faded altar of an unknown god.
   342 | D:1      | Reached skill level 5 in Polearms
   353 | D:1      | Reached ** piety under Trog
   434 | D:1      | Found Dufol's Weapon Emporium.
   438 | D:1      | Reached XP level 3. HP: 23/29 MP: 3/3
  1119 | D:2      | Reached XP level 4. HP: 34/37 MP: 4/4
  1509 | D:3      | Found a shimmering altar of Xom.
  1510 | D:3      | Noticed a scorpion
  1517 | D:3      | Killed a scorpion
  1518 | D:3      | Reached skill level 6 in Polearms
  1518 | D:3      | Reached XP level 5. HP: 42/42 MP: 5/5
  1647 | D:3      | You fall into a shaft and drop 2 floors!
  1647 | D:5      | Entered Level 5 of the Dungeon
  1653 | D:5      | Noticed an ice beast
  1677 | D:5      | Killed an ice beast
  1678 | D:5      | Reached XP level 6. HP: 48/48 MP: 6/6
  1678 | D:5      | Reached *** piety under Trog
  1732 | D:5      | Found an ancient bone altar of Kikubaaqudgha.
  1765 | D:5      | Reached skill level 7 in Polearms
  1807 | D:5      | Reached skill level 5 in Dodging
  1807 | D:5      | Reached XP level 7. HP: 32/55 MP: 7/7
  2078 | D:5      | Found a staircase to the Ecumenical Temple.
  2108 | D:5      | Reached skill level 8 in Polearms
  2336 | D:5      | Reached skill level 5 in Fighting
  2366 | D:5      | Reached skill level 9 in Polearms
  2366 | D:5      | Reached XP level 8. HP: 20/62 MP: 8/8
  2636 | D:5      | Noticed a yak
  2644 | D:5      | Killed a yak
  2792 | D:5      | Found a stormy altar of Qazlal.
  2923 | D:4      | Found a sand-covered staircase.
  2928 | Ossuary  | Entered an ossuary
  3031 | Ossuary  | Reached **** piety under Trog
  3151 | D:4      | Reached skill level 10 in Polearms
  3175 | D:4      | Noticed Ijyb
  3183 | D:4      | Killed Ijyb
  3319 | D:4      | Found an opulent altar of Gozag.
  3320 | D:4      | You fall into a shaft and drop 2 floors!
  3874 | D:1      | Bought an amulet of faith for 440 gold pieces
  4451 | D:6      | Noticed a wraith
  4469 | D:6      | Killed a wraith
  4707 | D:6      | Reached skill level 11 in Polearms
  4724 | D:6      | Reached XP level 9. HP: 67/69 MP: 9/9
  5089 | D:6      | Identified the +9 flail of Red Wine {antimagic, *Rage rPois
                  | rCorr}
  5230 | D:6      | Reached skill level 12 in Polearms
  5438 | D:6      | Found a shadowy altar of Dithmenos.
  5468 | D:6      | Reached ***** piety under Trog
  5791 | D:6      | Found an ornate altar of the Wu Jian Council.
  5979 | D:7      | Reached skill level 5 in Armour
  5989 | D:7      | Reached skill level 13 in Polearms
  6024 | D:7      | Found a basalt altar of Yredelemnul.
  6332 | D:7      | Noticed a hornet
  6340 | D:7      | Killed a hornet
  6569 | D:7      | Reached skill level 14 in Polearms
  6599 | D:7      | Reached XP level 10. HP: 54/76 MP: 10/10
  7095 | D:8      | Noticed a two-headed ogre
  7100 | D:8      | Noticed a two-headed ogre
  7237 | D:8      | Killed a two-headed ogre
  7238 | D:8      | Reached skill level 15 in Polearms
  7291 | D:8      | Found a broken altar of Ashenzari.
  7346 | D:8      | Killed a two-headed ogre
  7347 | D:8      | Reached skill level 16 in Polearms
  7437 | D:8      | Identified the +2 helmet "Xextueph" {Rampage rElec rC++
                  | Stlth+}
  7697 | D:9      | Noticed a two-headed ogre
  7704 | D:9      | Killed a two-headed ogre
  7705 | D:9      | Reached skill level 1 in Throwing
  7705 | D:9      | Reached skill level 1 in Evocations
  7773 | D:9      | Identified the +2 leather armour "Huregut" {*Corrode rN++
                  | Int+2 SInv}
  7939 | D:9      | Found a radiant altar of Vehumet.
  7962 | D:9      | Noticed a kobold demonologist
  7976 | D:9      | Killed a kobold demonologist
  8054 | D:9      | Identified the +7 glaive of the End of Times {vorpal, rPois
                  | rC++ Int-4 Dex+4} (Trog gifted it to you on level 9 of the
                  | Dungeon)
  8054 | D:9      | Received a gift from Trog
  8138 | D:9      | Found a runed translucent gate.
  8139 | D:9      | Found a runed translucent gate.
  8139 | D:9      | Noticed a red ugly thing
  8139 | D:9      | Noticed a brown ugly thing
  8139 | D:9      | Noticed a brown ugly thing
  8140 | D:9      | Found a runed translucent gate.
  8140 | D:9      | Noticed a glowing orange brain
  8140 | D:9      | Noticed a brown ugly thing
  8142 | D:9      | Noticed a white ugly thing
  8155 | D:9      | Killed a cyan ugly thing
  8156 | D:9      | Reached XP level 11. HP: 81/81 MP: 11/11
  8161 | D:9      | Killed a glowing orange brain
  8162 | D:9      | Reached skill level 17 in Polearms
  8166 | D:9      | Killed a red ugly thing
  8174 | D:9      | Killed a red ugly thing
  8181 | D:9      | Killed a red ugly thing
  8183 | D:9      | Killed a red ugly thing
  8365 | D:9      | Found a runed translucent gate.
  8365 | D:9      | Found a runed translucent gate.
  8374 | D:9      | Found a runed translucent gate.
  8384 | D:9      | Noticed Sin92's ghost (journeyman DsFi)
  8780 | D:9      | Noticed a two-headed ogre
  8780 | D:9      | Noticed a two-headed ogre
  8789 | D:9      | Killed a two-headed ogre
  8790 | D:9      | Reached skill level 18 in Polearms
  8793 | D:9      | Killed a two-headed ogre
  8982 | D:9      | Reached skill level 5 in Evocations
  9025 | D:9      | Reached skill level 5 in Throwing
  9148 | D:10     | Entered Level 10 of the Dungeon
  9195 | D:10     | Received a gift from Trog
  9596 | D:10     | Identified the +4 whip of the Lair of Beasts {drain, Int+6
                  | Dex+2}
  9716 | D:10     | Noticed a two-headed ogre
  9727 | D:10     | Killed a two-headed ogre
  9728 | D:10     | Reached XP level 12. HP: 60/88 MP: 12/12
  9855 | D:10     | Noticed a two-headed ogre
  9865 | D:10     | Killed a two-headed ogre
  9868 | D:10     | Reached skill level 19 in Polearms
  9887 | D:10     | Noticed an eight-headed hydra
  9900 | D:10     | Slain by a nine-headed hydra

Illustrated notes

Levels and vault maps discovered:
D:1:      dpeg_arrival_ratfight, layout_basic, serial_shops, shop, shop,
          shapermc_ecumenical_altar_flowoftime
D:2:      layout_rooms, minmay_tetromino_s2
D:3:      layout_loops_cross, mainiacjoe_overflow_cross_hatched,
          lightli_corner_chamber
D:4:      layout_gridville, grunt_gozag_statues,
          nicolae_ossuary_entry_false_entrances, hangedman_abyss_or_decor_stabs,
          uniq_ijyb
D:5:      minmay_diamond_boxcup, layout_basic, kiku_gazebo_garden_becter,
          old_standard_altar, minmay_temple_entry_glassed_door
D:6:      layout_basic, kennysheep_mini, nicolae_dithmenos_shadow_blocks,
          serial_bayou_lagoon_a, chequers_avenue, chequers_big_river,
          chequers_serial_rivers_micro_d
D:7:      layout_loops_corners, nicolae_yredelemnul_corpse_copse
D:8:      layout_rooms, ashenzari_altar_1, nicolae_sextant
D:9:      minmay_bubble_buster, layout_irregular_city,
          mainiacjoe_overflow_surrounded_room,
          ploomutoo_gammafunk_ghost_potion_laboratory
D:10:     layout_roguey, chei_slow_surprise, minmay_pinched_square

Skill      XL: |  1  2  3  4  5  6  7  8  9 10 11 12 |
---------------+-------------------------------------+-----
Dodging        | 3 4 5 6 |  6.0
Polearms       | 5 6 7 9 11 14 16 18 19 | 19.2
Fighting       | 4 5 6 |  6.0
Armour         | 2 3 4 5 6 |  6.0
Throwing       | 2 5 6 |  6.0
Evocations     | 2 5 6 |  6.0

Action                   |  1- 3 |  4- 6 |  7- 9 | 10-12 || total
-------------------------+-------+-------+-------+-------++-------
Melee: Spear             |   110 |   115 |   348 |       ||   573
       Tailslap          |       |       |     6 |       ||     6
       Halberd           |       |       |   156 |   112 ||   268
       Glaive            |       |       |       |   180 ||   180
Throw: Stone             |       |     2 |     3 |    13 ||    18
Invok: Berserk           |     1 |     3 |    13 |    10 ||    27
       Trog's Hand       |       |       |     2 |     2 ||     4
       Brothers in Arms  |       |       |       |     2 ||     2
Evoke: Wand              |       |       |       |     3 ||     3
  Use: Potion            |       |       |     1 |     1 ||     2
       Scroll            |       |       |    15 |     1 ||    16
 Stab: Distracted        |       |       |       |     1 ||     1
Armor: Animal skin       |     5 |       |       |       ||     5
       Scale mail        |    13 |    16 |       |       ||    29
       Chain mail        |       |       |    89 |    73 ||   162
Dodge: Dodged            |    34 |    53 |   259 |   177 ||   523

Table legend: (Time is in decaauts)
 A = Elapsed time spent in this place.
 B = Non-inter-level travel time spent in this place.
 C = Inter-level travel time spent in this place.
 D = Time resting spent in this place.
 E = Time spent auto-exploring this place.
 F = Levels seen in this place.
 G = Mean time per level.
                   A        B        C        D        E       F      G
               +--------+--------+--------+--------+--------+-----+--------+
         Total |   9808 |   9338 |    470 |   1745 |   5826 |  11 |  891.6 |
       Dungeon |   9660 |   9190 |    470 |   1710 |   5769 |  10 |  966.0 |
       Ossuary |    147 |    147 |      0 |     34 |     57 |   1 |  147.0 |
               +--------+--------+--------+--------+--------+-----+--------+

Top non-repeatable levels by time:
     D:9: 1472 daAuts
     D:6: 1449 daAuts
     D:5: 1282 daAuts
     D:7: 1161 daAuts
     D:2: 788 daAuts
     D:1: 775 daAuts
    D:10: 730 daAuts
     D:3: 680 daAuts
     D:4: 668 daAuts
     D:8: 651 daAuts
 Ossuary: 147 daAuts
